AoeStats
← Jokerball

Hideout

507022318Analyzed
1v1 RM · 15d ago on Sep 16, 2026· 17m 9s· 2 players
Game mode
Random Map
Map size
Tiny (2 player)
Population
200
Speed
Normal
Resources
Standard
Victory
Conquest
Starting age
Dark Age
Ending age
Imperial Age
RankedLock teamsTeams togetherTeam positionsShared explorationLock speedFull tech treeHidden civsTurbo modeCheats
Victory
Defeat
🇪🇸 Khmer · Spain
1274
+15
🇩🇪 Turks · Germany
1252
-15
Jokerball
10:21 Feudal Age
12:26 Loom
14:55 Castle Age
13:34 Double-Bit Axe
HeyJoe
6:59 Loom
9:26 Feudal Age
12:50 Castle Age
11:57 Double-Bit Axe
Connection lost

Rejoining the realm…

Still unreachable

The connection could not be restored.

Session expired

The server has moved on; the page needs a fresh start.